Map: Automaton LE

Players

Lambo - Winner!

  • Race: Zerg Zerg
  • League: Grandmaster
  • Spawn Location: 3:00

InfernoRotti

  • Race: Protoss Protoss
  • League: Grandmaster
  • Spawn Location: 9:00

VOD

Have the link to the VOD?

Description

Time

  • Played on: Dec. 5, 2018, 12:33 p.m.
  • Length: 9:20
Show
View Real Time Build Order
Export as new Build Order

Lambo Zerg - Winner!

Build Orders: Hatch First 

Get SALT Encoding   

  12  0:00  Drone  
  13  0:12  Overlord  
  13  0:20  Drone  
  14  0:32  Drone x2  
  16  0:49  Hatchery  
  15  0:52  Drone  
  15  0:56  Drone  
  17  1:00  Drone  
  18  1:10  Extractor  
  17  1:14  Spawning Pool  
  17  1:18  Drone  
  17  1:21  Drone  
  18  1:30  Drone  
  19  1:41  Drone  
  20  1:53  Drone  
  21  2:01  Queen x2  
  21  2:03  Zergling x2  
  21  2:04  Overlord  
  26  2:10  Drone  
  26  2:11  Metabolic Boost  
  26  2:14  Drone  
  28  2:24  Drone x2  
  30  2:36  Hatchery  
  29  2:40  Drone  
  29  2:41  Drone  
  31  2:45  Drone  
  31  2:48  Overlord  
  32  2:54  Queen  
  34  2:58  Drone  
  34  3:04  Drone  
  36  3:10  Drone x2  
  36  3:11  Drone  
  36  3:12  Drone  
  40  3:13  Overlord  
  40  3:15  Drone  
  40  3:18  Drone x2  
  43  3:26  Drone  
  44  3:29  Overlord  
  44  3:32  Queen  
  46  3:36  Drone x2  
  48  3:43  Drone x2  
  48  3:44  Overlord  
  48  3:46  Drone  
  51  3:50  Spore Crawler  
  51  3:51  Queen  
  52  3:56  Drone x3  
  52  3:59  Spore Crawler  
  52  4:00  Drone  
  55  4:05  Drone x2  
  55  4:07  Overlord  
  57  4:15  Zergling x4  
  57  4:16  Zergling x2  
  62  4:17  Zergling x2  
  62  4:19  Overlord  
  62  4:23  Extractor x2  
  61  4:24  Overlord  
  61  4:30  Roach Warren  
  60  4:31  Spore Crawler  
  60  4:37  Queen  
  60  4:38  Queen  
  62  4:42  Lair  
  60  4:46  Drone x4  
  60  4:47  Drone, Overlord  
  60  4:51  Drone x3  
  68  4:59  Drone x2  
  70  5:03  Drone x2  
  70  5:04  Drone  
  70  5:08  Drone x2  
  70  5:09  Drone  
  70  5:13  Drone x2, Queen  
  77  5:19  Drone x2  
  77  5:20  Overlord  
  78  5:22  Overlord  
  78  5:24  Overlord  
  78  5:25  Drone  
  78  5:28  Overlord  
  79  5:30  Overlord  
  79  5:34  Drone x2  
  79  5:35  Drone  
  82  5:41  Drone x2  
  82  5:42  Overseer, Drone  
  83  5:45  Extractor  
  83  5:47  Spire, Extractor  
  80  5:52  Drone x3  
  80  5:54  Drone x3  
  86  5:58  Queen  
  86  6:00  Drone x2  
  86  6:02  Extractor  
  88  6:07  Overlord  
  88  6:08  Drone x2  
  89  6:14  Overlord  
  89  6:15  Roach x2  
  89  6:18  Roach x3  
  99  6:29  Queen  
  98  6:33  Drone x5  
  98  6:38  Drone  
  98  6:39  Drone x2  
  103  6:44  Overlord  
  102  6:48  Roach x3  
  107  6:58  Overlord  
  107  7:00  Overlord  
  107  7:01  Overseer  
  107  7:11  Overlord, Zerg Flyer Weapons Level 1  
  105  7:17  Roach x8  
  120  7:23  Glial Reconstitution  
  120  7:28  Roach  
  126  7:30  Roach x2  
  126  7:34  Roach x3  
  132  7:38  Baneling Nest  
  132  7:39  Roach x3  
  139  7:44  Roach x4  
  139  7:45  Roach x2  
  116  8:05  Burrow  
  116  8:08  Corruptor x8  
  116  8:11  Corruptor  
  131  8:22  Overlord  
  131  8:23  Corruptor x3  
  131  8:29  Roach x2, Zergling x4  
  131  8:34  Roach x3  
  143  8:37  Ravager x2  
  143  8:38  Zergling x4  
  147  8:42  Roach  
  147  8:43  Roach  
  147  8:46  Roach x3  
  157  8:52  Evolution Chamber  
  157  8:54  Drone  
  157  8:58  Hatchery  
  157  9:01  Zergling x4  
  160  9:03  Baneling x2  
  160  9:04  Baneling x2  
Show
View Real Time Build Order
Export as new Build Order

InfernoRotti Protoss 

Build Orders: Phoenix Opening, Zealot Archon 

Get SALT Encoding   

  12  0:00  Probe  
  13  0:12  Probe  
  14  0:18  Pylon  
  14  0:24  Probe  
  15  0:34  Probe  
  15  0:42  Probe  
  17  0:51  Probe  
  18  1:07  Nexus  
  18  1:15  Probe  
  18  1:16  Gateway  
  18  1:24  Probe  
  18  1:25  Assimilator  
  20  1:34  Probe  
  20  1:35  Assimilator  
  21  1:46  Probe  
  22  1:48  Pylon  
  22  1:57  Probe  
  23  2:03  Cybernetics Core  
  23  2:05  Probe  
  23  2:06  Zealot  
  25  2:13  Probe  
  26  2:20  Probe  
  28  2:25  Probe  
  29  2:32  Probe  
  30  2:37  Probe  
  30  2:39  Stargate  
  30  2:42  Probe  
  32  2:44  Adept  
  32  2:49  Probe  
  32  2:50  Probe  
  35  2:57  Shield Battery  
  36  3:00  Probe  
  36  3:01  Probe  
  36  3:02  Pylon  
  38  3:12  Probe  
  39  3:14  Phoenix  
  39  3:17  Probe  
  39  3:19  Pylon  
  40  3:25  Probe  
  43  3:28  Assimilator  
  43  3:30  Probe  
  43  3:32  Assimilator  
  44  3:37  Probe, Phoenix  
  47  3:42  Probe  
  48  3:49  Probe  
  48  3:50  Fleet Beacon  
  48  3:54  Probe  
  50  4:01  Probe  
  51  4:03  Phoenix  
  51  4:06  Probe  
  54  4:10  Twilight Council  
  54  4:12  Pylon  
  54  4:18  Probe  
  54  4:19  Tempest  
  55  4:24  Warp Gate  
  55  4:25  Pylon  
  55  4:26  Probe  
  61  4:40  Gateway  
  61  4:42  Forge  
  61  4:45  Gateway  
  61  4:51  Charge  
  61  4:56  Tempest  
  66  5:07  Protoss Ground Weapons Level 1  
  66  5:12  Pylon  
  66  5:14  Pylon  
  64  5:23  Gateway  
  64  5:25  Gateway  
  64  5:28  Gateway  
  64  5:29  Pylon  
  64  5:48  Pylon  
  64  5:58  Gateway  
  64  6:01  Templar Archives  
  64  6:02  Gateway  
  64  6:04  Gateway  
  64  6:07  Shield Battery  
  64  6:09  Shield Battery  
  64  6:11  Gateway  
  64  6:41  Zealot  
  64  6:42  High Templar x2  
  64  6:43  High Templar x2  
  64  6:44  Zealot  
  71  6:50  Pylon  
  71  6:57  Archon x2  
  71  6:59  Zealot x3  
  77  7:06  Zealot  
  77  7:07  Zealot  
  81  7:17  High Templar x3  
  81  7:18  High Templar  
  81  7:19  Zealot x3  
  81  7:22  Archon x2  
  95  7:29  Zealot x2  
  99  7:37  Nexus  
  99  7:38  Pylon  
  99  7:40  Zealot x4  
  103  7:51  Zealot  
  103  7:52  Zealot x5  
  83  8:06  Phoenix  
  76  8:18  Probe  
  76  8:19  Probe  
  66  8:23  Stargate  
  66  8:24  Dark Shrine  
  52  8:30  Phoenix  
  52  8:37  Pylon  
  52  8:40  Assimilator  
  54  8:44  Assimilator  
  54  8:58  Photon Cannon, Probe  
  54  8:59  Photon Cannon  
  54  9:00  Photon Cannon  
  54  9:02  Photon Cannon  
  55  9:03  Pylon  
Tags
 
Add a new tag
Caveats
  • Supply blocks, unpowered buildings, or Contaminate may cause inaccurate times.
  • Supply counts are checked every 10 seconds.